TOP OF THE 1ST |
Ft. Polk South Thunder Hawks batting - Pitching for Olympia Ogres : RHP Roble Gichinga
|
Pitching: RHP Roble Gichinga
|
|
Batting: LHB Gabriel Obregón
|
0-0: Ball 1-0: Ball 2-0: Fly out, F8 (Flyball, 8LM, EV 92.5 MPH)
|
Batting: SHB Francisco Daulong
|
0-0: Ball 1-0: Ball 2-0: Ball 3-0: Foul Ball, location: 2F 3-1: Foul Ball, location: 2F 3-2: Foul Ball, location: 2F 3-2: Foul Ball, location: 2F 3-2: SOLO HOME RUN (Flyball, 89XD, EV 97.5 MPH), Distance : 387 ft
|
Batting: LHB Remco Mastenbroek
|
0-0: Ball 1-0: Ball 2-0: Ball 3-0: Base on Balls
|
Batting: LHB Jorge Agramunt
|
0-0: Swinging Strike 0-1: SINGLE (Flyball, 9LS, EV 88.1 MPH) Remco Mastenbroek to second Runner from 2nd tries for 3rd, SAFE, throw by RF made to third
|
Batting: RHB Aubrey Miller
|
0-0: Ball 1-0: DOUBLE (Line Drive, 89XD, EV 102.5 MPH) Remco Mastenbroek scores Jorge Agramunt to third Runner from 3rd tries for Home, throw by RF and OUT! 9-2
|
Batting: LHB Tim Carson
|
0-0: Called Strike 0-1: Called Strike 0-2: Ball 1-2: Ball 2-2: Ball 3-2: Foul Ball, location: 2F 3-2: Foul Ball, location: 2F 3-2: Fly out, F7 (Flyball, 7LM, EV 98.1 MPH)
|
Top of the 1st over - 2 runs, 3 hits, 0 errors, 1 left on base; Ft. Polk South 2 - Olympia 0 |
BOTTOM OF THE 1ST |
Olympia Ogres batting - Pitching for Ft. Polk South Thunder Hawks : LHP Sixto Bustamante
|
Pitching: LHP Sixto Bustamante
|
|
Batting: LHB Jeffery Smith
|
0-0: Called Strike 0-1: Ground out 4-3 (Groundball, 4M, EV 109.4 MPH)
|
Batting: LHB Roosevelt Cartledge
|
0-0: Ball 1-0: Ball 2-0: Ball 3-0: Base on Balls
|
Batting: SHB Nathan Brannon
|
0-0: Called Strike 0-1: Ball 1-1: DOUBLE (Line Drive, 7LM, EV 100.0 MPH) Roosevelt Cartledge to third Runner from 3rd tries for Home, SAFE, throw by LF to trailing runner, SAFE at third!
|
Batting: SHB Dave Richards
|
0-0: Swinging Strike 0-1: Ball 1-1: Foul Ball, location: 2F 1-2: Fly out, F7 (Flyball, 7D, EV 90.0 MPH) Runner from 3rd tags up, SCORES, no throw by LF
|
Batting: LHB Aniq bin Mu'ayyad
|
0-0: Ball 1-0: Foul Ball, location: 2F 1-1: Foul Ball, location: 2F 1-2: Fly out, F7 (Flyball, 7D, EV 90.0 MPH)
|
Bottom of the 1st over - 2 runs, 1 hit, 0 errors, 0 left on base; Ft. Polk South 2 - Olympia 2 |
TOP OF THE 2ND |
Ft. Polk South Thunder Hawks batting - Pitching for Olympia Ogres : RHP Roble Gichinga
|
Batting: RHB Dermott Mann
|
0-0: Ball 1-0: Ball 2-0: Foul Ball, location: 2F 2-1: Ball 3-1: Base on Balls
|
Batting: RHB Tora Tora
|
0-0: Ball 1-0: Ball Passed Ball! Dermott Mann to second 2-0: Ground out 5-3 (Groundball, 5, EV 107.5 MPH)
|
Batting: RHB Raúl Colomo
|
0-0: Swinging Strike 0-1: Ball 1-1: Ground out 6-3 (Groundball, 56D, EV 81.9 MPH)
|
Batting: LHB Gabriel Obregón
|
0-0: Called Strike 0-1: Foul Ball, location: 2F 0-2: Strikes out swinging
|
Top of the 2nd over - 0 runs, 0 hits, 0 errors, 1 left on base; Ft. Polk South 2 - Olympia 2 |
BOTTOM OF THE 2ND |
Olympia Ogres batting - Pitching for Ft. Polk South Thunder Hawks : LHP Sixto Bustamante
|
Batting: RHB Alfonso Pereyra
|
0-0: Swinging Strike 0-1: Ground out 5-3 (Groundball, 56, EV 86.9 MPH)
|
Batting: RHB Paul Stark
|
0-0: Fly out, F7 (Flyball, 7LS, EV 90.6 MPH)
|
Batting: LHB Ramón Vegerano
|
0-0: Called Strike 0-1: Called Strike 0-2: Strikes out looking
|
Bottom of the 2nd over - 0 runs, 0 hits, 0 errors, 0 left on base; Ft. Polk South 2 - Olympia 2 |
TOP OF THE 3RD |
Ft. Polk South Thunder Hawks batting - Pitching for Olympia Ogres : RHP Roble Gichinga
|
Batting: SHB Francisco Daulong
|
0-0: Called Strike 0-1: SOLO HOME RUN (Flyball, 9LD, EV 102.5 MPH), Distance : 334 ft
|
Batting: LHB Remco Mastenbroek
|
0-0: Ball 1-0: Called Strike 1-1: Ball 2-1: Ball 3-1: Swinging Strike 3-2: Fly out, F8 (Flyball, 8RXD, EV 107.5 MPH)
|
Batting: LHB Jorge Agramunt
|
0-0: Called Strike 0-1: Fly out, F6 (Popup, P, EV 83.8 MPH)
|
Batting: RHB Aubrey Miller
|
0-0: Ball 1-0: Ball 2-0: Called Strike 2-1: SINGLE (Line Drive, 6MD, EV 100.0 MPH)
|
Batting: LHB Tim Carson
|
0-0: Fly out, F9 (Flyball, 9, EV 89.4 MPH)
|
Top of the 3rd over - 1 run, 2 hits, 0 errors, 1 left on base; Ft. Polk South 3 - Olympia 2 |
BOTTOM OF THE 3RD |
Olympia Ogres batting - Pitching for Ft. Polk South Thunder Hawks : LHP Sixto Bustamante
|
Batting: RHB Kunimatsu Nishimura
|
0-0: Ground out 3-1 (Groundball, 34S, EV 83.8 MPH)
|
Batting: LHB Jeffery Smith
|
0-0: Ground out 6-3 (Groundball, 6, EV 89.4 MPH)
|
Batting: LHB Roosevelt Cartledge
|
0-0: Ball 1-0: Ball 2-0: Foul Ball, location: 2F 2-1: Ball 3-1: Called Strike 3-2: Fly out, F7 (Line Drive, 7, EV 96.9 MPH)
|
Bottom of the 3rd over - 0 runs, 0 hits, 0 errors, 0 left on base; Ft. Polk South 3 - Olympia 2 |
TOP OF THE 4TH |
Ft. Polk South Thunder Hawks batting - Pitching for Olympia Ogres : RHP Roble Gichinga
|
Batting: RHB Dermott Mann
|
0-0: Ball 1-0: Foul Ball, location: 2F 1-1: Called Strike 1-2: Ball 2-2: Ball 3-2: Base on Balls
|
Batting: RHB Tora Tora
|
0-0: Ball 1-0: Ball 2-0: Ball 3-0: Base on Balls Dermott Mann to second
|
Batting: RHB Raúl Colomo
|
0-0: Fielders Choice at 2nd, 6-4 (Groundball, 6, EV 85.0 MPH) Dermott Mann to third
|
Batting: LHB Gabriel Obregón
|
0-0: Ball 1-0: Foul Ball, location: 2F 1-1: Ball 2-1: Called Strike 2-2: Strikes out swinging
|
Batting: SHB Francisco Daulong
|
0-0: Swinging Strike 0-1: Foul Ball, location: 2F 0-2: Ball 1-2: Ball 2-2: Ball 3-2: Base on Balls Raúl Colomo to second
|
Batting: LHB Remco Mastenbroek
|
0-0: Ground out 3-1 (Groundball, 34, EV 84.4 MPH)
|
Top of the 4th over - 0 runs, 0 hits, 0 errors, 3 left on base; Ft. Polk South 3 - Olympia 2 |
BOTTOM OF THE 4TH |
Olympia Ogres batting - Pitching for Ft. Polk South Thunder Hawks : LHP Sixto Bustamante
|
Batting: SHB Nathan Brannon
|
0-0: Ball 1-0: Called Strike 1-1: Ball 2-1: Ground out 6-3 (Groundball, 56D, EV 88.1 MPH)
|
Batting: SHB Dave Richards
|
0-0: Ball 1-0: Swinging Strike 1-1: SOLO HOME RUN (Flyball, 7D, EV 91.2 MPH), Distance : 383 ft
|
Batting: LHB Aniq bin Mu'ayyad
|
0-0: Swinging Strike 0-1: Ball 1-1: Fly out, F9 (Flyball, 9D, EV 76.9 MPH)
|
Batting: RHB Alfonso Pereyra
|
0-0: Swinging Strike 0-1: Ball 1-1: Reached on error, E6 (Groundball, 6, EV 91.9 MPH)
|
Batting: RHB Paul Stark
|
0-0: Ball 1-0: Called Strike 1-1: Swinging Strike 1-2: Strikes out swinging
|
Bottom of the 4th over - 1 run, 1 hit, 1 error, 1 left on base; Ft. Polk South 3 - Olympia 3 |
TOP OF THE 5TH |
Ft. Polk South Thunder Hawks batting - Pitching for Olympia Ogres : RHP Roble Gichinga
|
Batting: LHB Jorge Agramunt
|
0-0: Swinging Strike 0-1: Ball 1-1: Ball 2-1: Ground out U3 (Groundball, 34, EV 78.8 MPH)
|
Batting: RHB Aubrey Miller
|
0-0: Foul Ball, location: 2F 0-1: Foul Ball, location: 2F 0-2: Ball 1-2: Foul Ball, location: 2F 1-2: Foul Ball, location: 2F 1-2: Ball 2-2: SINGLE (Groundball, 56D, EV 95.0 MPH)
|
Batting: LHB Tim Carson
|
0-0: Ball 1-0: Called Strike 1-1: Foul Ball, location: 2F 1-2: Strikes out swinging
|
Batting: RHB Dermott Mann
|
0-0: Ball 1-0: Ball 2-0: Ball 3-0: Called Strike 3-1: Base on Balls Aubrey Miller to second
|
Batting: RHB Tora Tora
|
0-0: Ball 1-0: Ball 2-0: Ball 3-0: Called Strike 3-1: Base on Balls Aubrey Miller to third Dermott Mann to second
|
Batting: RHB Raúl Colomo
|
0-0: Called Strike 0-1: Ball 1-1: Fly out, F8 (Line Drive, 8RM, EV 91.9 MPH)
|
Top of the 5th over - 0 runs, 1 hit, 0 errors, 3 left on base; Ft. Polk South 3 - Olympia 3 |
BOTTOM OF THE 5TH |
Olympia Ogres batting - Pitching for Ft. Polk South Thunder Hawks : LHP Sixto Bustamante
|
Batting: LHB Ramón Vegerano
|
0-0: Swinging Strike 0-1: Called Strike 0-2: Ball 1-2: SINGLE (Groundball, 34S, EV 73.8 MPH) (infield hit)
|
Batting: RHB Kunimatsu Nishimura
|
0-0: Ball 1-0: Ball 2-0: Ball 3-0: Called Strike 3-1: Foul Ball, location: 2F 3-2: Fly out, F9 (Flyball, 9S, EV 88.8 MPH)
|
Batting: LHB Jeffery Smith
|
0-0: Ball 1-0: Called Strike 1-1: Ball 2-1: SINGLE (Groundball, 3, EV 105.6 MPH) (infield hit) Ramón Vegerano to second
|
Batting: LHB Roosevelt Cartledge
|
0-0: Fly out, F8 (Flyball, 8LXD, EV 86.2 MPH) Runner from 2nd tags up, SAFE at 3rd, no throw by CF
|
Batting: SHB Nathan Brannon
|
0-0: Fly out, F4 (Line Drive, 4, EV 74.4 MPH)
|
Bottom of the 5th over - 0 runs, 2 hits, 0 errors, 2 left on base; Ft. Polk South 3 - Olympia 3 |
TOP OF THE 6TH |
Ft. Polk South Thunder Hawks batting - Pitching for Olympia Ogres : RHP Roble Gichinga
|
Pitching: LHP Roberto Sáenz
|
|
Batting: LHB Gabriel Obregón
|
0-0: Ground out U3 (Groundball, 3, EV 108.8 MPH)
|
Batting: SHB Francisco Daulong
|
0-0: Ball 1-0: Ball 2-0: Ball 3-0: Base on Balls
|
Batting: LHB Remco Mastenbroek
|
0-0: Ball 1-0: Called Strike 1-1: Ball 2-1: Ball 3-1: Base on Balls Francisco Daulong to second
|
Batting: LHB Jorge Agramunt
|
0-0: Ball 1-0: SINGLE (Flyball, 9S, EV 91.9 MPH) Francisco Daulong to third Remco Mastenbroek to second
|
Batting: RHB Aubrey Miller
|
0-0: Ball 1-0: Fly out, F9 (Flyball, 9LM, EV 98.8 MPH) Runner from 3rd tags up, SCORES, throw by RF
|
Batting: LHB Tim Carson
|
0-0: 3-RUN HOME RUN (Flyball, 89XD, EV 86.2 MPH), Distance : 412 ft
|
Pitching: RHP Jesús Nasario
|
|
Batting: RHB Dermott Mann
|
0-0: Ball 1-0: Called Strike 1-1: Ball 2-1: Ball 3-1: Foul Ball, location: 2F 3-2: Strikes out swinging
|
Top of the 6th over - 4 runs, 2 hits, 0 errors, 0 left on base; Ft. Polk South 7 - Olympia 3 |
BOTTOM OF THE 6TH |
Olympia Ogres batting - Pitching for Ft. Polk South Thunder Hawks : LHP Sixto Bustamante
|
Batting: SHB Dave Richards
|
0-0: Swinging Strike 0-1: SINGLE (Line Drive, 78S, EV 98.1 MPH)
|
Batting: LHB Aniq bin Mu'ayyad
|
0-0: Ball 1-0: Ball Wild Pitch! Dave Richards to second 2-0: Fly out, F7 (Flyball, 7LS, EV 93.1 MPH)
|
Batting: RHB Alfonso Pereyra
|
0-0: Foul Ball, location: 2F 0-1: Ball 1-1: Swinging Strike 1-2: Foul Ball, location: 2F 1-2: Ball 2-2: Strikes out swinging
|
Pitching: RHP Kwang-sik Kang
|
|
Batting: RHB Paul Stark
|
0-0: Called Strike 0-1: Called Strike 0-2: Foul Ball, location: 2F 0-2: Foul Ball, location: 2F 0-2: Ball 1-2: Foul Ball, location: 2F 1-2: Strikes out looking
|
Bottom of the 6th over - 0 runs, 1 hit, 0 errors, 1 left on base; Ft. Polk South 7 - Olympia 3 |
TOP OF THE 7TH |
Ft. Polk South Thunder Hawks batting - Pitching for Olympia Ogres : RHP Jesús Nasario
|
Batting: RHB Tora Tora
|
0-0: Fly out, F8 (Flyball, 8LS, EV 91.9 MPH)
|
Batting: RHB Raúl Colomo
|
0-0: SINGLE (Flyball, 8LS, EV 94.4 MPH)
|
Batting: LHB Gabriel Obregón
|
0-0: Ball 1-0: Called Strike 1-1: Called Strike 1-2: Ball 2-2: Strikes out swinging
|
Batting: SHB Francisco Daulong
|
0-0: Ball 1-0: Ball 2-0: Ball 3-0: Called Strike 3-1: Swinging Strike 3-2: Base on Balls Raúl Colomo to second
|
Batting: LHB Remco Mastenbroek
|
0-0: Called Strike 0-1: Ball 1-1: SINGLE (Line Drive, 6MD, EV 101.9 MPH) Raúl Colomo to third Francisco Daulong to second
|
Batting: LHB Jorge Agramunt
|
0-0: Ball 1-0: GRAND SLAM HOME RUN (Flyball, 7D, EV 98.8 MPH), Distance : 345 ft
|
Batting: RHB Aubrey Miller
|
0-0: Called Strike 0-1: Ball 1-1: Foul Ball, location: 2F 1-2: Ground out 5-3 (Groundball, 56, EV 81.2 MPH)
|
Top of the 7th over - 4 runs, 3 hits, 0 errors, 0 left on base; Ft. Polk South 11 - Olympia 3 |
BOTTOM OF THE 7TH |
Olympia Ogres batting - Pitching for Ft. Polk South Thunder Hawks : RHP Kwang-sik Kang
|
Pinch Hitting: LHB David Walker
|
0-0: Called Strike 0-1: Foul Ball, location: 2F 0-2: Fly out, F7 (Flyball, 7LD, EV 103.1 MPH)
|
Batting: RHB Kunimatsu Nishimura
|
0-0: Ball 1-0: Swinging Strike 1-1: Foul Ball, location: 2F 1-2: Strikes out looking
|
Pinch Hitting: SHB Eugene Bell
|
0-0: Swinging Strike 0-1: Called Strike 0-2: Foul Ball, location: 2F 0-2: Ground out 4-3 (Groundball, 4, EV 85.0 MPH)
|
Bottom of the 7th over - 0 runs, 0 hits, 0 errors, 0 left on base; Ft. Polk South 11 - Olympia 3 |
TOP OF THE 8TH |
Ft. Polk South Thunder Hawks batting - Pitching for Olympia Ogres : RHP Jesús Nasario
|
Now in LF: David Walker
|
|
Now in RF: Boboy Enabore
|
|
Batting: LHB Tim Carson
|
0-0: Swinging Strike 0-1: Ball 1-1: Foul Ball, location: 2F 1-2: Strikes out looking
|
Pitching: RHP Tex Owens
|
|
Batting: RHB Dermott Mann
|
0-0: Ball 1-0: Ball 2-0: Foul Ball, location: 2F 2-1: Foul Ball, location: 2F 2-2: Foul Ball, location: 2F 2-2: Foul Ball, location: 2F 2-2: Ball 3-2: Foul Ball, location: 2F 3-2: Foul Ball, location: 2F 3-2: Ground out 5-3 (Groundball, 56S, EV 87.5 MPH)
|
Pinch Hitting: RHB Kamaaluddeen Kohli
|
0-0: Called Strike 0-1: Called Strike 0-2: Foul Ball, location: 2F 0-2: Ground out 5-3 (Groundball, 5S, EV 92.5 MPH)
|
Top of the 8th over - 0 runs, 0 hits, 0 errors, 0 left on base; Ft. Polk South 11 - Olympia 3 |
BOTTOM OF THE 8TH |
Olympia Ogres batting - Pitching for Ft. Polk South Thunder Hawks : RHP Kwang-sik Kang
|
Now at 3B: Kamaaluddeen Kohli
|
|
Batting: LHB Roosevelt Cartledge
|
0-0: Foul Ball, location: 2F 0-1: Ground out U3 (Groundball, 3L, EV 86.9 MPH)
|
Batting: SHB Nathan Brannon
|
0-0: Ball 1-0: Swinging Strike 1-1: Ball 2-1: Ball 3-1: Called Strike 3-2: Strikes out looking
|
Batting: SHB Dave Richards
|
0-0: Ground out 5-3 (Groundball, 5, EV 83.8 MPH)
|
Bottom of the 8th over - 0 runs, 0 hits, 0 errors, 0 left on base; Ft. Polk South 11 - Olympia 3 |
TOP OF THE 9TH |
Ft. Polk South Thunder Hawks batting - Pitching for Olympia Ogres : RHP Tex Owens
|
Batting: RHB Raúl Colomo
|
0-0: Foul Ball, location: 2F 0-1: Ball 1-1: Foul Ball, location: 2F 1-2: Fly out, F2 (Popup, 2R, EV 93.8 MPH)
|
Pinch Hitting: RHB Olkhovsky Gennadiyevich
|
0-0: Called Strike 0-1: Ball 1-1: Swinging Strike 1-2: Ball 2-2: Foul Ball, location: 2F 2-2: Ball 3-2: Base on Balls
|
Batting: SHB Francisco Daulong
|
0-0: Fielders Choice at 2nd, 3-6 (Groundball, 3, EV 88.1 MPH)
|
Batting: LHB Remco Mastenbroek
|
0-0: Ball 1-0: Called Strike 1-1: Ball 2-1: Ball 3-1: Fly out, F7 (Flyball, 78D, EV 86.9 MPH)
|
Top of the 9th over - 0 runs, 0 hits, 0 errors, 1 left on base; Ft. Polk South 11 - Olympia 3 |
BOTTOM OF THE 9TH |
Olympia Ogres batting - Pitching for Ft. Polk South Thunder Hawks : RHP Kwang-sik Kang
|
Now at 1B: Juho Hovinen
|
|
Batting: LHB Aniq bin Mu'ayyad
|
0-0: Ball 1-0: Ball 2-0: SINGLE (Flyball, 9S, EV 96.9 MPH)
|
Batting: RHB Alfonso Pereyra
|
0-0: Ball 1-0: Fielders Choice at 2nd, 1-6 (Groundball, 13S, EV 68.1 MPH)
|
Pinch Hitting: LHB Earnest Younger
|
0-0: Ball 1-0: Ball 2-0: Fly out, F7 (Flyball, 7, EV 91.2 MPH)
|
Batting: LHB David Walker
|
0-0: Ball 1-0: Fly out, F8 (Flyball, 8RS, EV 94.4 MPH)
|
Bottom of the 9th over - 0 runs, 1 hit, 0 errors, 1 left on base; Ft. Polk South 11 - Olympia 3 |
|